 Dungeon Crawl Stone Soup version 0.21.1-1-g345015f (webtiles) character file.

67 Fang the Skirmisher (level 4, -1/43 HPs)
             Began as a Gargoyle Berserker on May 10, 2018.
             Was a Believer of Trog.
             Slain by an orc (2 damage)
             ... on level 2 of the Dungeon.
             The game lasted 00:01:22 (828 turns).

Fang the Skirmisher (Gargoyle Berserker)             Turns: 828, Time: 00:01:23

Health: -1/43      AC:  5    Str: 26    XL:     4   Next: 18%
Magic:  4/4        EV: 12    Int:  8    God:    Trog [**....]
Gold:   30         SH:  0    Dex:  9    Spells: 3/3 levels left

rFire    . . .     SeeInvis .   a - +0 hand axe
rCold    . . .     Gourm    .   (no shield)
rNeg     + . .     Faith    .   b - +0 animal skin
rPois    ∞         Spirit   .   (no helmet)
rElec    +         Reflect  .   (no cloak)
rCorr    .         Harm     .   (no gloves)
MR       .....                  (no boots)
Stlth    ..........             (no amulet)
HPRegen  0.14/turn              (no ring)
MPRegen  0.09/turn              (no ring)

@: berserking (expiring), very quick
A: negative energy resistance 1, electricity resistance, unbreathing,
petrification resistance, rot immunity, AC +3
a: Berserk, Trog's Hand, Burn Spellbooks, Renounce Religion


You were on level 2 of the Dungeon.
You worshipped Trog.
Trog was pleased with you.
You were hungry.

You visited 1 branch of the dungeon, and saw 2 of its levels.

You collected 30 gold pieces.

Inventory:

Hand Weapons
 a - a +0 hand axe (weapon)
Armour
 b - a +0 animal skin (worn)
Scrolls
 e - 2 scrolls of identify {unknown}
 f - a scroll of amnesia {unknown}
Potions
 d - a potion of curing {unknown}
 g - a potion of agility {unknown}
 h - a potion of lignification {unknown}
Comestibles
 c - 5 rations


   Skills:
 + Level 3.9 Fighting
 + Level 3.7 Axes
 + Level 2.3 Armour
 + Level 2.0 Dodging
 + Level 0.1 Stealth


You had 3 spell levels left.
You didn't know any spells.

Dungeon Overview and Level Annotations

Branches:
Dungeon (2/15)

Altars:


Innate Abilities, Weirdness & Mutations

You are resistant to torment.
Your stone body is resilient. (AC +3)
You are immune to poison.
You resist negative energy. (rN+)
You are resistant to electric shocks. (rElec)
You can survive without breathing.
You are immune to petrification.
You are immune to rotting.


Message History

You slash the orc!
You kill the orc!
Trog accepts your kill.
You hit the orc. You barely miss the orc. You closely miss the orc.
The orc misses you. The orc barely misses you.
Unknown command.
You hit the orc.
The orc is heavily wounded.
You hit the orc. You closely miss the orc. The orc closely misses you.
The orc hits you but does no damage.
Unknown command.
You slash the orc!
You kill the orc!
Trog accepts your kill.
You can now call upon Trog for regeneration and magic resistance.
You slash the orc priest! You closely miss the orc. You hit the orc.
You kill the orc!
Trog accepts your kill. The orc hits you.
You die...

## ....######## ..
..........## #
#..........#
#..........$ #
#..........⌠
#..##..g.......$
#......Kooo....# .
#.(@)....# .#
#.#########..#
#...........#
#...##...####
##.####<..##### # ####
###...###.......# ##
#..(.##...#.....#####.#
#( ............##.##
##. ######.######...#
#.#####..


You could see an orc priest, an orc wizard, an orc, a hobgoblin and a kobold.

Vanquished Creatures
  2 adders (D:2)
  2 oozes (D:1)
  A dart slug (D:1)
  2 leopard geckos (D:1)
  4 orcs (D:2)
  3 bats (D:1)
  A giant cockroach (D:1)
  2 goblins (D:1)
  5 hobgoblins (D:1)
  3 jackals (D:1)
  3 kobolds
  2 frilled lizards (D:1)
  A rat (D:1)
31 creatures vanquished.

Notes
Turn   | Place    | Note
-------+----------+-------------------------------------------
     0 | D:1      | Fang the Gargoyle Berserker began the quest for the Orb.
     0 | D:1      | Reached XP level 1. HP: 14/14 MP: 1/1
    63 | D:1      | Reached XP level 2. HP: 13/19 MP: 2/2
   112 | D:1      | Reached XP level 3. HP: 17/24 MP: 3/3
   806 | D:2      | Reached XP level 4. HP: 19/29 MP: 4/4
   824 | D:2      | HP: 1/43 [orc/dagger of protection (3)]
   828 | D:2      | Reached ** piety under Trog
   828 | D:2      | Slain by an orc

Skill      XL: |  1  2  3 |
---------------+----------+-----
Axes           | 3 |  3.7
Dodging        | 2 |  2.0
Fighting       | |  3.9
Armour         | |  2.3
Stealth        | |  0.1

Action                   |  1- 3 |  4- 6 || total
-------------------------+-------+-------++-------
Melee: Hand axe          |    95 |     7 ||   102
Invok: Berserk           |       |     1 ||     1
Armor: Animal skin       |    35 |     2 ||    37
Dodge: Dodged            |    65 |     7 ||    72
